 Dungeon Crawl Stone Soup version 0.29-a0-821-g66395355a5 (console) character file.

Game seed: 8958931630138493927

68 om the Vexing (level 4, -9/24 HPs)
             Began as a Vampire Enchanter on July 7, 2022.
             Killed from afar by an orc wizard (11 damage)
             ... with a puff of flame
             ... on level 3 of the Dungeon.
             The game lasted 00:04:30 (1605 turns).

om the Vexing (Vampire Enchanter)                   Turns: 1605, Time: 00:04:30

Health: -9/24      AC:  2    Str:  7    XL:     4   Next: 1%
Magic:  1/7        EV: 12    Int: 17    God:
Gold:   53         SH:  0    Dex: 16    Spells: 2/7 levels left

rFire   . . .      SeeInvis +   a - +1 dagger
rCold   + + .      Faith    .   (no shield)
rNeg    + + +      Spirit   .   b - +0 robe
rPois   ∞          Reflect  .   (no helmet)
rElec   .          Harm     .   (no cloak)
rCorr   .          Rampage  .   (no gloves)
Will    .....                   (no boots)
Stlth   +++++.....              (no amulet)
HPRegen 0.00/turn               (no ring)
MPRegen 0.10/turn               (no ring)

@: bloodless, inhibited regen, invisible (expiring)
A: bloodless, fangs 3, see invisible, vampiric 2
a: Bat Form, Revivify


You were on level 3 of the Dungeon.
You visited 1 branch of the dungeon, and saw 3 of its levels.

You collected 53 gold pieces.

Inventory:

Hand Weapons
 a - a +1 dagger (weapon)
Armour
 b - a +0 robe (worn)
Scrolls
 d - a scroll of poison {unknown}
 f - a scroll of identify {unknown}
 g - a scroll of fog {unknown}
 h - a scroll of blinking {unknown}
 i - a scroll of acquirement {unknown}
Potions
 c - a potion of invisibility
 e - a potion of attraction {unknown}
 j - a potion of lignification {unknown}
 k - a potion of brilliance {unknown}


   Skills:
 * Level 4.3 Short Blades
 - Level 2.1 Dodging
 - Level 4.4 Stealth
 - Level 2.0 Spellcasting
 - Level 4.4 Hexes


You had 2 spell levels left.
You knew the following spells:

 Your Spells              Type           Power      Damage    Failure   Level
a - Ensorcelled Hibernat  Hex/Ice        18%        N/A       12%         2
b - Confusing Touch       Hex            16%        N/A       10%         3

Your spell library contained the following spells:

 Spells                   Type           Power      Damage    Failure   Level
 Beastly Appendage        Tmut           2%         N/A       19%         1
 Wereblood                Tmut           1%         N/A       28%         2
 Tukima's Dance           Hex            16%        N/A       10%         3
 Dazzling Flash           Conj/Hex       18%        N/A       24%         3
 Spider Form              Tmut/Pois      1%         N/A       50%         3


Dungeon Overview and Level Annotations

Branches:
Dungeon (2/15)

Altars:


Innate Abilities, Weirdness & Mutations

You do not regenerate when monsters are visible.
You are frail without blood (-20% HP).
You can heal yourself when you bite living creatures.
You are immune to poison.
You have razor-sharp teeth.
You have supernaturally acute eyesight. (SInv)
You are afflicted with vampirism and can become a bat while bloodless.


Message History

You are confused.
The endoplasm freezes you.
You are frozen.
You resist.
Things that are here:
a +0 dagger; a +0 hand axe; a +0 leather armour You are too injured to fight recklessly!
You are too injured to fight recklessly!
You bump into the rock wall.
The orc barely misses you. The orc wizard misses you.
The endoplasm barely misses you.
You are too injured to fight recklessly!
You bump into the rock wall.
The orc barely misses you. The orc wizard closely misses you.
The endoplasm freezes you.
You are frozen.
You resist.
You are too injured to fight recklessly!
You bump into the rock wall.
The orc barely misses you. The orc wizard misses you.
The endoplasm freezes you.
You are frozen.
You resist.
* * * LOW HITPOINT WARNING * * *
You closely miss the orc. The orc barely misses you.
You miss the orc. Your bite misses the orc.
The orc hits you with a +0 short sword.
* * * LOW HITPOINT WARNING * * *
You barely miss the orc.
You flicker for a moment.
The orc barely misses you.
The orc wizard gestures at the orc while chanting.
The orc appears confused.
You're too confused to cast spells.
You feel less confused.
Aiming: Ensorcelled Hibernation (safe; 12% risk of failure)
Press: ? - help, Q - select action Shift-Dir - straight line, f - endoplasm
Aim: an endoplasm (chance to affect: 61%)
The endoplasm resists with significant effort.
The orc hits the endoplasm with a +0 short sword.
The endoplasm freezes you.
You are frozen.
You resist.
You hit the endoplasm.
You kill the endoplasm!
You don't have enough magic to cast this spell.
The orc wizard casts a spell at you. The puff of flame hits you!
You die...

.....†....#####
#.##............#
..........#
##.##.#..........#
..........#
#.................
§........)#
#.###.#.###......#
≈.........# #.# #.#.#
#......+
§≈........######.###.#.#
#......#
..........#..........#..
..####.# #......#######
.. .. #..........#
#......###.# # ######@#
#.#.# ######o###†#.###..
.!................#
####....o.#.#######
#........# #......###
#......# #..?...#####
#$...........
#............
#............


You could see an orc wizard (invisible, unable to see you) and an orc (confused,
unable to see you).

Vanquished Creatures
  2 adders (D:2)
  A worm (D:2)
  A dart slug (D:3)
  3 orcs (D:3)
  3 ball pythons
  4 bats (D:1)
  3 endoplasms
  A giant cockroach (D:1)
  4 goblins (D:1)
  A hobgoblin (D:1)
  3 jackals (D:1)
  2 kobolds (D:1)
  2 quokkas (D:1)
  5 frilled lizards
  7 rats
42 creatures vanquished.

Notes
Turn   | Place    | Note
-------+----------+-------------------------------------------
     0 | D:1      | om the Vampire Enchanter began the quest for the Orb.
     0 | D:1      | Reached XP level 1. HP: 13/13 MP: 3/3
   127 | D:1      | Reached XP level 2. HP: 13/19 MP: 5/5
   162 | D:1      | Learned a level 2 spell: Ensorcelled Hibernation
   624 | D:1      | Gained mutation: You are afflicted with vampirism and can
                  | become a bat while bloodless. [Vampire growth]
   624 | D:1      | Reached XP level 3. HP: 24/24 MP: 6/6
  1435 | D:2      | You fall into a shaft and drop 1 floor!
  1461 | D:3      | Learned a level 3 spell: Confusing Touch
  1594 | D:3      | Reached XP level 4. HP: 8/24 MP: 1/7
  1605 | D:3      | Killed from afar by an orc wizard

Illustrated notes

Levels and vault maps discovered:
D:1:      onia_arrival_mini_spirals, layout_rooms
D:2:      layout_basic
D:3:      layout_basic, vehumet_statue, shapermc_ecumenical_altar_starsandcircs,
          minmay_misc_feat_cross

Skill      XL: |  1  2  3 |
---------------+----------+-----
Short Blades   | 2 3 4 |  4.3
Dodging        | |  2.1
Stealth        | |  4.4
Spellcasting   | |  2.0
Hexes          | |  4.4

Action                   |  1- 3 |  4- 6 || total
-------------------------+-------+-------++-------
Melee: Dagger            |    98 |     4 ||   102
       Bite              |    10 |       ||    10
 Cast: Ensorcelled Hiber |    17 |     1 ||    18
 Abil: Exsanguinate      |     1 |       ||     1
  Use: Potion            |     1 |       ||     1
 Stab: Sleeping          |    20 |       ||    20
Armor: Robe              |    23 |       ||    23
Dodge: Dodged            |    64 |    10 ||    74

Table legend: (Time is in decaauts)
 A = Elapsed time spent in this place.
 B = Non-inter-level travel time spent in this place.
 C = Inter-level travel time spent in this place.
 D = Time resting spent in this place.
 E = Time spent auto-exploring this place.
 F = Levels seen in this place.
 G = Mean time per level.
                   A        B        C        D        E       F      G
               +--------+--------+--------+--------+--------+-----+--------+
         Total |   1589 |   1559 |     30 |    343 |    838 |   3 |  529.7 |
       Dungeon |   1589 |   1559 |     30 |    343 |    838 |   3 |  529.7 |
               +--------+--------+--------+--------+--------+-----+--------+

Top non-repeatable levels by time:
     D:1: 941 daAuts
     D:2: 481 daAuts
     D:3: 166 daAuts
